 Dungeon Crawl Stone Soup version 0.27-a0-291-gd9602db6ee (webtiles) character file.

Game seed: 4629461959166752956

34 runemasterragnar the Digger (level 3, -5/22 HPs)
             Began as an Octopode Earth Elementalist on Feb 10, 2021.
             Slain by an ogre
             ... wielding a +0 giant spiked club
              (21 damage)
             ... on level 2 of the Dungeon.
             The game lasted 00:01:28 (1195 turns).

runemasterragnar the Digger (OpEE)                  Turns: 1195, Time: 00:01:28

Health: -5/22      AC:  1    Str:  7    XL:     3   Next: 31%
Magic:  3/6        EV: 13    Int: 18    God:
Gold:   69         SH:  0    Dex: 12    Spells: 5/6 levels left

rFire    . . .     SeeInvis .   (no weapon)
rCold    . . .     Faith    .   (no shield)
rNeg     . . .     Spirit   .   (helmet restricted)
rPois    .         Reflect  .   (no amulet)
rElec    .         Harm     .   (no ring)
rCorr    .         Rampage  .   (no ring)
Will     .....                  (no ring)
Stlth    +++.......             (no ring)
HPRegen  0.07/turn              (no ring)
MPRegen  0.10/turn              (no ring)
                                (no ring)
                                (no ring)

@: no status effects
A: almost no armour, stealthy swim, amphibious, 8 rings, constrict 8, camouflage
1, gelatinous body 1
a: no special abilities


You were on level 2 of the Dungeon.
You visited 1 branch of the dungeon, and saw 2 of its levels.

You collected 69 gold pieces.

Inventory:

Missiles
 b - 9 stones
 g - 2 throwing nets
Scrolls
 d - a scroll of remove curse {unknown}
 e - a scroll of teleportation {unknown}
 h - a scroll of enchant armour {unknown}
Potions
 a - a potion of mutation {unknown}
 c - 2 potions of berserk rage {unknown}
 f - a potion of curing {unknown}
 i - a potion of attraction {unknown}
 j - a potion of lignification {unknown}


   Skills:
 + Level 0.5 Fighting
 + Level 2.1 Dodging
 + Level 3.1 Stealth
 + Level 0.5 Unarmed Combat
 + Level 2.2 Spellcasting
 * Level 1.6 Transmutations
 * Level 3.3 Earth Magic


You had 5 spell levels left.
You knew the following spells:

 Your Spells              Type           Power        Failure   Level
a - Sandblast             Erth           26%          4%          1

Your spell library contained the following spells:

 Spells                   Type           Power        Failure   Level
 Passwall                 Tmut/Erth      8%           10%         2
 Stone Arrow              Conj/Erth      14%          26%         3
 Petrify                  Tmut/Erth      10%          54%         4
 Lee's Rapid Deconstruct  Erth           6%           77%         5


Dungeon Overview and Level Annotations

Branches:
Dungeon (2/15)

Altars:


Innate Abilities, Weirdness & Mutations

You cannot wear most types of armour.
You are very stealthy in the water. (Stealth+)
You are amphibious.
You can wear up to eight rings at the same time.
You can use your tentacles to constrict eight enemies at once.
Your skin changes colour to match your surroundings (Stealth+).
Your rubbery body absorbs attacks. (AC +1, EV +1)


Message History

Unknown command.
Casting: Sandblast (safe; 4% risk of failure)
Confirm with . or Enter, or press ? or * to list all spells.
Aiming: Sandblast (safe; 4% risk of failure)
Press: ? - help, Shift-Dir - straight line, f - ogre
Aim: an ogre, wielding a +0 giant spiked club (10% to evade)
The blast of sand hits the ogre!
The ogre is heavily wounded.
The ogre misses you.
Unknown command.
Casting: Sandblast (safe; 4% risk of failure)
Confirm with . or Enter, or press ? or * to list all spells.
Aiming: Sandblast (safe; 4% risk of failure)
Press: ? - help, Shift-Dir - straight line, f/p - ogre
Aim: an ogre, wielding a +0 giant spiked club (heavily wounded, 10% to evade)
The blast of sand hits the ogre!
The ogre is almost dead.
The ogre hits you with a +0 giant spiked club!!
Ouch! That really hurt!
You die...

#.. #######.. .........
#.......# .. #.....O.#
... #.......# ....
#.......#########.....
..........O@...........
........#####..........
........#####.........
>...................#
.......######.......#
....... #.......#
....### #.......# ....
#.......# #######.#


You could see an ogre.

Vanquished Creatures
  An adder (D:2)
  A worm (D:2)
  A bat (D:1)
  3 giant cockroaches
  5 goblins
  4 hobgoblins
  2 frilled lizards
  3 rats
20 creatures vanquished.

Notes
Turn   | Place    | Note
-------+----------+-------------------------------------------
     0 | D:1      | runemasterragnar the Octopode Earth Elementalist began the
                  | quest for the Orb.
     0 | D:1      | Reached XP level 1. HP: 11/11 MP: 3/3
   443 | D:1      | Reached XP level 2. HP: 17/17 MP: 3/5
   879 | D:2      | Reached XP level 3. HP: 22/22 MP: 3/6
  1181 | D:2      | Noticed an ogre
  1195 | D:2      | Slain by an ogre

Illustrated notes

Levels and vault maps discovered:
D:1:      lightli_arrival_boilingwater, layout_rooms
D:2:      layout_basic, uniq_jessica

Skill      XL: |  1  2 |
---------------+-------+-----
Stealth        | 3 |  3.1
Fighting       | |  0.5
Dodging        | |  2.1
Unarmed Combat | |  0.5
Spellcasting   | |  2.2
Transmutations | |  1.6
Earth Magic    | |  3.3

Action                   || total
-------------------------++-------
Melee: Unarmed           ||    28
       Constrict         ||    10
       Tentacles         ||     6
 Cast: Sandblast         ||    21
 Stab: Sleeping          ||     1
Dodge: Dodged            ||    15

Table legend: (Time is in decaauts)
 A = Elapsed time spent in this place.
 B = Non-inter-level travel time spent in this place.
 C = Inter-level travel time spent in this place.
 D = Time resting spent in this place.
 E = Time spent auto-exploring this place.
 F = Levels seen in this place.
 G = Mean time per level.
                   A        B        C        D        E       F      G
               +--------+--------+--------+--------+--------+-----+--------+
         Total |   1194 |   1186 |      8 |    192 |    854 |   2 |  597.0 |
       Dungeon |   1194 |   1186 |      8 |    192 |    854 |   2 |  597.0 |
               +--------+--------+--------+--------+--------+-----+--------+

Top non-repeatable levels by time:
     D:1: 801 daAuts
     D:2: 393 daAuts
